 Dungeon Crawl Stone Soup version 0.28.0-45-g0d030f2227 (webtiles) character file.

Game seed: 1904531783897462302

30 MisterFreud the Sneak (level 3, 0/24 HPs)
             Began as a Vampire Enchanter on Mar 31, 2022.
             Slain by a water moccasin skeleton (4 damage)
             ... on level 2 of the Dungeon.
             The game lasted 00:02:36 (303 turns).

MisterFreud the Sneak (Vampire Enchanter)            Turns: 303, Time: 00:02:37

Health: 0/24       AC:  2    Str:  7    XL:     3   Next: 5%
Magic:  6/6        EV: 12    Int: 17    God:
Gold:   37         SH:  0    Dex: 16    Spells: 6/6 levels left

rFire   . . .      SeeInvis +   a - +1 dagger
rCold   . . .      Faith    .   (no shield)
rNeg    . . .      Spirit   .   b - +0 robe
rPois   .          Reflect  .   (no helmet)
rElec   .          Harm     .   (no cloak)
rCorr   .          Rampage  .   (no gloves)
Will    .....                   (no boots)
Stlth   +++.......              (no amulet)
HPRegen 0.28/turn               (no ring)
MPRegen 0.10/turn               (no ring)

@: healing quickly
A: alive, fangs 3, see invisible, vampiric 2
a: Exsanguinate


You were on level 2 of the Dungeon.
You visited 1 branch of the dungeon, and saw 3 of its levels.

You collected 37 gold pieces.

Inventory:

Hand Weapons
 a - a +1 dagger (weapon)
Armour
 b - a +0 robe (worn)
Scrolls
 d - a scroll of noise {unknown}
Potions
 c - a potion of invisibility


   Skills:
 + Level 3.0 Short Blades
 - Level 2.1 Dodging
 - Level 5.0 Stealth
 - Level 2.0 Spellcasting
 - Level 4.4 Hexes


You had 6 spell levels left.
You didn't know any spells.
Your spell library contained the following spells:

 Spells                   Type           Power      Damage    Failure   Level
 Confusing Touch          Hex            16%        N/A       10%         3
 Tukima's Dance           Hex            16%        N/A       10%         3
 Ensorcelled Hibernation  Hex/Ice        18%        N/A       12%         2
 Dazzling Flash           Conj/Hex       18%        N/A       24%         3


Dungeon Overview and Level Annotations

Branches:
Dungeon (3/15)

Altars:


Innate Abilities, Weirdness & Mutations

Your natural rate of healing is accelerated.
You have razor-sharp teeth.
You have supernaturally acute eyesight. (SInv)
You are afflicted with vampirism and can become a bat while bloodless.


Message History

You feel agile. x2
You can now turn into a vampire bat when bloodless.
A bat comes into view.
The bat misses you.
You hit the bat.
You kill the bat!
Found an escape hatch in the ceiling.
Found 14 gold pieces.
You now have 37 gold pieces (gained 14).
Found a stone staircase leading up.
A goblin comes into view. It is wielding a +0 club.
A water moccasin skeleton comes into view.
The water moccasin skeleton bites you.
You hit the water moccasin skeleton.
Your bite misses the water moccasin skeleton.
The water moccasin skeleton is lightly damaged.
The water moccasin skeleton bites you.
You hit the water moccasin skeleton.
The water moccasin skeleton is lightly damaged.
The water moccasin skeleton bites you but does no damage.
You hit the water moccasin skeleton.
The water moccasin skeleton is moderately damaged.
The water moccasin skeleton misses you.
You barely miss the water moccasin skeleton.
The water moccasin skeleton is moderately damaged.
The water moccasin skeleton bites you.
An endoplasm comes into view.
The endoplasm quivers.
You hit the water moccasin skeleton.
The water moccasin skeleton is moderately damaged.
The water moccasin skeleton bites you.
* * * LOW HITPOINT WARNING * * *
The water moccasin skeleton bites you.
* * * LOW HITPOINT WARNING * * *
The water moccasin skeleton barely misses you.
The water moccasin skeleton bites you.
* * * LOW HITPOINT WARNING * * *
There is an escape hatch in the ceiling here.
The water moccasin skeleton bites you.
You die...

#.... ..g. .... .<.
####..# #.. ....... ..
... ... #.##.# ...
#....# #.# #..# #.# #
#..# #@# ###.##..# #Z#
........## ##.########
###.##...####..........
................######
#.##.####......J#.#
#.##.# ##.####.#.#
.....#####.####.#.#
.....##.........#.#


You could see an endoplasm and a water moccasin skeleton.

Vanquished Creatures
  An iguana (D:2)
  A hobgoblin (D:2)
  3 bats (D:2)
  A frilled lizard (D:2)
  A goblin (D:1)
  A kobold (D:2)
8 creatures vanquished.

Notes
Turn   | Place    | Note
-------+----------+-------------------------------------------
     0 | D:1      | MisterFreud the Vampire Enchanter began the quest for the
                  | Orb.
     0 | D:1      | Reached XP level 1. HP: 13/13 MP: 3/3
   210 | D:2      | Noticed an iguana
   213 | D:2      | Killed an iguana
   214 | D:2      | Reached skill level 5 in Stealth
   214 | D:2      | Reached XP level 2. HP: 19/19 MP: 5/5
   214 | D:2      | Gained mutation: You are afflicted with vampirism and can
                  | become a bat while bloodless. [Vampire growth]
   214 | D:2      | Reached XP level 3. HP: 24/24 MP: 6/6
   303 | D:2      | Slain by a water moccasin skeleton

Illustrated notes

Levels and vault maps discovered:
D:1:      minmay_arrival_up_and_down, layout_loops_ring,
          shapermc_ecumenical_altar_starsandcircs
D:2:      layout_loops_ring
D:3:      wander_river, layout_basic, serial_bayou_lagoon_a, grunt_ministairs_3,
          serial_park_tiny_1, hangedman_decor_points

Skill      XL: |  1 |
---------------+----+-----
Short Blades   | 3 |  3.0
Stealth        | 5 |  5.0
Dodging        | |  2.1
Spellcasting   | |  2.0
Hexes          | |  4.4

Action                   || total
-------------------------++-------
Melee: Dagger            ||    33
       Bite              ||     4
 Stab: Sleeping          ||     3
Armor: Robe              ||     3
Dodge: Dodged            ||    14
